[Event "7th Cesme Open-C 2019"]
[Site "Cesme"]
[Date "2019.06.24"]
[Round "1"]
[White "Kiracioglu, Demir"]
[Black "Saraloglu, Yasarhan"]
[Result "1-0"]
[ECO "B76"]
[WhiteElo "1444"]
[BlackElo "1187"]
[Annotator "NA"]
[PlyCount "41"]
[EventDate "2019.06.24"]
[EventType "swiss"]
[EventCountry "TUR"]
[SourceTitle "playchess.com"]
[Source "ChessBase"]
[SourceQuality "1"]
[TimeControl "5400+30"]

1. e4 c5 2. Nf3 d6 3. d4 cxd4 4. Nxd4 Nf6 5. Nc3 g6 6. Be3 Bg7 7. f3 O-O 8. Qd2 Nc6 9. O-O-O Bd7 10. g4 Rc8 11. h4 Ne5 12. h5 Nc4 13. Bxc4 Rxc4 14. hxg6 fxg6 15. Bh6 Qe8 16. Bxg7 Kxg7 17. Nd5 Qf7 18. Nxf6 Kxf6 19. Qh6 Rfc8 20. e5+ dxe5 21. g5# 1-0

[Event "7th Cesme Open-C 2019"]
[Site "Cesme"]
[Date "2019.06.24"]
[Round "1"]
[White "Dirican, Feride"]
[Black "Nay, Nezafet"]
[Result "1-0"]
[ECO "B07"]
[WhiteElo "1365"]
[BlackElo "1120"]
[Annotator "NA"]
[PlyCount "113"]
[EventDate "2019.06.24"]
[EventType "swiss"]
[EventCountry "TUR"]
[SourceTitle "playchess.com"]
[Source "ChessBase"]
[SourceQuality "1"]
[TimeControl "5400+30"]

1. e4 g6 2. d4 Bg7 3. Nc3 d6 4. Be3 Nf6 5. f3 O-O 6. Qd2 Nc6 7. Nge2 b6 8. O-O-O Na5 9. Ng3 a6 10. Bh6 b5 11. h4 e6 12. h5 Nc4 13. Bxc4 bxc4 14. Bxg7 Kxg7 15. hxg6 fxg6 16. Qh6+ Kf7 17. e5 Nd5 18. Qxh7+ Ke8 19. Qxg6+ Kd7 20. Nxd5 exd5 21. Rh7+ Kc6 22. Rg7 Rb8 23. Rh1 c3 24. b3 a5 25. Rhh7 Rb7 26. Qd3 Rg8 27. Qxc3+ Kb6 28. Qd3 Qf8 29. Rf7 Qd8 30. f4 Rf8 31. Qg6 Qe8 32. Rfg7 Qc6 33. exd6 cxd6 34. Rxb7+ Bxb7 35. Rh6 Rd8 36. Kb2 Ka7 37. Qd3 Ba6 38. Qc3 Qb6 39. Rh7+ Kb8 40. Qd2 Rc8 41. Nf5 a4 42. Ne7 Rc4 43. Nxd5 Qb5 44. Nc3 Qb6 45. Nd5 Qb5 46. Qd3 axb3 47. axb3 Rc8 48. Qxb5+ Bxb5 49. Nc3 Bf1 50. g4 Rf8 51. f5 Bg2 52. Nb5 Bf3 53. Rg7 d5 54. Nc3 Kc8 55. Na4 Re8 56. Nc5 Re2 57. f6 1-0

[Event "7th Cesme Open-C 2019"]
[Site "Cesme"]
[Date "2019.06.24"]
[Round "1"]
[White "Erakman, Muhittin"]
[Black "Gunes, Deren"]
[Result "0-1"]
[ECO "B90"]
[WhiteElo "1227"]
[BlackElo "1257"]
[Annotator "NA"]
[PlyCount "72"]
[EventDate "2019.06.24"]
[EventType "swiss"]
[EventCountry "TUR"]
[SourceTitle "playchess.com"]
[Source "ChessBase"]
[SourceQuality "1"]
[TimeControl "5400+30"]

1. e4 c5 2. Nf3 d6 3. d4 cxd4 4. Nxd4 Nf6 5. Nc3 a6 6. a4 e5 7. Nf3 Be6 8. Be2 Be7 9. Bg5 Nbd7 10. Qd2 O-O 11. h3 Qc7 12. Nh4 h6 13. Bxf6 Nxf6 14. Nf5 Bxf5 15. exf5 Rfd8 16. g4 d5 17. g5 hxg5 18. Rg1 Ne4 19. Nxe4 dxe4 20. Qc3 Qxc3+ 21. bxc3 Rac8 22. Rb1 Rxc3 23. Rxb7 Rxc2 24. Kf1 Rdd2 25. Bg4 Rxf2+ 26. Ke1 Bc5 27. Rf1 e3 28. Rb8+ Kh7 29. Rb1 a5 30. Bh5 Bb4+ 31. Rxb4 axb4 32. Rxf2 exf2+ 33. Kf1 b3 34. Bxf7 b2 35. Bg6+ Kg8 36. f6 b1=Q+ 0-1

[Event "7th Cesme Open-C 2019"]
[Site "Cesme"]
[Date "2019.06.24"]
[Round "1"]
[White "Gokbulut, Ozgur"]
[Black "Karaca, Yigit"]
[Result "0-1"]
[ECO "B45"]
[WhiteElo "1223"]
[BlackElo "1383"]
[Annotator "NA"]
[PlyCount "46"]
[EventDate "2019.06.24"]
[EventType "swiss"]
[EventCountry "TUR"]
[SourceTitle "playchess.com"]
[Source "ChessBase"]
[SourceQuality "1"]
[TimeControl "5400+30"]

1. e4 c5 2. Nf3 e6 3. d4 cxd4 4. Nxd4 Nf6 5. Nc3 Nc6 6. Ndb5 d6 7. Bg5 a6 8. Bxf6 gxf6 9. Nd4 Qb6 10. Nb3 Rg8 11. Qh5 Nb4 12. Bd3 Rxg2 13. Qf3 Nxd3+ 14. cxd3 Rg6 15. O-O-O Bd7 16. h4 Be7 17. Rdg1 Rc8 18. Kb1 a5 19. Rg2 a4 20. Nd2 Rxc3 21. Nc4 Rxc4 22. dxc4 a3 23. b3 Qd8 0-1

[Event "7th Cesme Open-C 2019"]
[Site "Cesme"]
[Date "2019.06.25"]
[Round "2"]
[White "Karaca, Yigit"]
[Black "Kapagan, Kaya"]
[Result "1-0"]
[ECO "A34"]
[WhiteElo "1383"]
[BlackElo "1276"]
[Annotator "NA"]
[PlyCount "71"]
[EventDate "2019.06.24"]
[EventType "swiss"]
[EventCountry "TUR"]
[SourceTitle "playchess.com"]
[Source "ChessBase"]
[SourceQuality "1"]
[TimeControl "5400+30"]

1. Nf3 Nf6 2. c4 c5 3. g3 Nc6 4. Nc3 b6 5. Bg2 Bb7 6. e4 e5 7. O-O Be7 8. d3 h6 9. Nh4 Nd4 10. f4 d6 11. Nf3 Nxf3+ 12. Bxf3 Qd7 13. fxe5 dxe5 14. Nd5 Nxd5 15. exd5 O-O 16. Bg4 Qd6 17. b3 Bc8 18. Bxc8 Raxc8 19. Qg4 Qg6 20. Qxg6 fxg6 21. Bb2 Rxf1+ 22. Rxf1 Bd6 23. Re1 Re8 24. Kg2 Kf7 25. Kf3 Kf6 26. Ke4 Kg5 27. Rf1 Re7 28. h3 a5 29. Rf8 Ra7 30. Rd8 Be7 31. Rb8 Ra6 32. Bxe5 a4 33. d6 Bxd6 34. Bxd6 axb3 35. axb3 Kf6 36. Kd5 1-0

[Event "7th Cesme Open-C 2019"]
[Site "Cesme"]
[Date "2019.06.25"]
[Round "2"]
[White "Arslan, Mustafa Oguz"]
[Black "Dirican, Feride"]
[Result "1/2-1/2"]
[ECO "E21"]
[WhiteElo "1336"]
[BlackElo "1365"]
[Annotator "NA"]
[PlyCount "83"]
[EventDate "2019.06.24"]
[EventType "swiss"]
[EventCountry "TUR"]
[SourceTitle "playchess.com"]
[Source "ChessBase"]
[SourceQuality "1"]
[TimeControl "5400+30"]

1. d4 Nf6 2. c4 e6 3. Nc3 Bb4 4. Bd2 b6 5. e3 Bb7 6. Nf3 O-O 7. a3 Bxc3 8. Bxc3 Ne4 9. Rc1 d6 10. Bd3 f5 11. Bb1 Nd7 12. d5 Nxc3 13. Rxc3 e5 14. e4 f4 15. h4 h6 16. h5 Qf6 17. Nh4 Rf7 18. Qg4 Nf8 19. Rch3 Nh7 20. Nf3 Bc8 21. Qg6 Bxh3 22. Rxh3 Ng5 23. Nxg5 Qxg5 24. Qxg5 hxg5 25. Bc2 Rd8 26. Bd1 Rf6 27. Bg4 Rh6 28. f3 Kf7 29. Kd2 Rb8 30. a4 a6 31. b4 Kf6 32. Bf5 Rbh8 33. Bg4 g6 34. hxg6 Kxg6 35. Ke2 Rh4 36. Kf2 Kf6 37. Kf1 Kg6 38. Kf2 Rxh3 39. gxh3 Kf6 40. Ke2 Ke7 41. Kd3 a5 42. b5 1/2-1/2

[Event "7th Cesme Open-C 2019"]
[Site "Cesme"]
[Date "2019.06.25"]
[Round "2"]
[White "Buyukbese, Kaan Enver"]
[Black "Kiracioglu, Demir"]
[Result "1-0"]
[ECO "D79"]
[WhiteElo "1291"]
[BlackElo "1444"]
[Annotator "NA"]
[PlyCount "61"]
[EventDate "2019.06.24"]
[EventType "swiss"]
[EventCountry "TUR"]
[SourceTitle "playchess.com"]
[Source "ChessBase"]
[SourceQuality "1"]
[TimeControl "5400+30"]

1. d4 d5 2. Nf3 Nf6 3. g3 g6 4. Bg2 Bg7 5. O-O O-O 6. c4 c6 7. cxd5 cxd5 8. Nc3 Nc6 9. Ne5 e6 10. f4 Nd7 11. Bh3 Ndxe5 12. fxe5 a6 13. Bf4 Qb6 14. e3 Qxb2 15. Na4 Qa3 16. Nb6 Rb8 17. Rf3 Qe7 18. g4 Re8 19. g5 Bd7 20. Bg4 Na7 21. Nxd7 Qxd7 22. Rh3 b5 23. Qe1 b4 24. Qh4 a5 25. Qxh7+ Kf8 26. Rf1 b3 27. axb3 Rxb3 28. Bh5 gxh5 29. g6 Reb8 30. Bh6 f5 31. exf6 1-0

[Event "7th Cesme Open-C 2019"]
[Site "Cesme"]
[Date "2019.06.25"]
[Round "2"]
[White "Gunes, Deren"]
[Black "Basmak, Bora"]
[Result "1-0"]
[ECO "C11"]
[WhiteElo "1257"]
[BlackElo "1220"]
[Annotator "NA"]
[PlyCount "85"]
[EventDate "2019.06.24"]
[EventType "swiss"]
[EventCountry "TUR"]
[SourceTitle "playchess.com"]
[Source "ChessBase"]
[SourceQuality "1"]
[TimeControl "5400+30"]

1. e4 e6 2. Nf3 d5 3. Nc3 Nf6 4. e5 Nfd7 5. d4 c5 6. Bg5 Qb6 7. dxc5 Bxc5 8. Qd2 Nc6 9. Bb5 Nd4 10. Nxd4 Bxd4 11. Be3 Bxc3 12. Bxd7+ Bxd7 13. Qxc3 Qa6 14. Qb4 h6 15. Qg4 Kf8 16. Bc5+ Kg8 17. Be7 Qa4 18. Qxa4 Bxa4 19. b3 Bb5 20. Rd1 Kh7 21. Rd4 Rac8 22. Kd2 Rhe8 23. Bd6 Kg6 24. Rg4+ Kh7 25. h4 Red8 26. Rh3 Rg8 27. Rf3 Be8 28. Rfg3 Bd7 29. Rf4 Be8 30. Rgf3 h5 31. g4 hxg4 32. Rxg4 Kh6 33. Rfg3 Bb5 34. a4 Bd7 35. Be7 Kh7 36. Rg5 Kh6 37. Bf6 g6 38. h5 Kh7 39. Rh3 Rg7 40. hxg6+ Kg8 41. gxf7+ Kxf7 42. Rxg7+ Kf8 43. Rh8# 1-0

[Event "7th Cesme Open-C 2019"]
[Site "Cesme"]
[Date "2019.06.25"]
[Round "3"]
[White "Kaya, Nehar Baris"]
[Black "Koc, Kerem"]
[Result "1-0"]
[ECO "D02"]
[WhiteElo "1409"]
[BlackElo "1102"]
[Annotator "NA"]
[PlyCount "139"]
[EventDate "2019.06.24"]
[EventType "swiss"]
[EventCountry "TUR"]
[SourceTitle "playchess.com"]
[Source "ChessBase"]
[SourceQuality "1"]
[TimeControl "5400+30"]

1. d4 d5 2. Bf4 Nf6 3. Nf3 e6 4. e3 c5 5. c3 Bd6 6. Bg3 Nc6 7. Nbd2 O-O 8. Bd3 Qe7 9. Ne5 Nd7 10. f4 f5 11. Nxd7 Bxd7 12. Nf3 c4 13. Be2 Be8 14. Bh4 Qd7 15. Ne5 Nxe5 16. fxe5 Be7 17. Bxe7 Qxe7 18. O-O b5 19. a3 a5 20. Qe1 a4 21. Qg3 g5 22. Rf2 Bg6 23. Raf1 Rac8 24. h3 Kg7 25. Qh2 Rf7 26. g4 Rcf8 27. gxf5 Bxf5 28. Bg4 Bxg4 29. hxg4 h6 30. Qg2 Rxf2 31. Rxf2 Rxf2 32. Kxf2 Qf7+ 33. Qf3 Qg6 34. e4 dxe4 35. Qe3 Qf7+ 36. Kg3 Qg6 37. Qe2 Kf7 38. Kf2 Ke7 39. Ke3 Qf7 40. Qf2 Qg6 41. Qg2 h5 42. gxh5 Qxh5 43. Qxe4 Qh3+ 44. Kd2 Qh2+ 45. Kc1 Qg1+ 46. Kc2 Qh2+ 47. Kb1 Qg1+ 48. Ka2 Qd1 49. Qh7+ Kd8 50. Qg8+ Kd7 51. Qxg5 Qb3+ 52. Kb1 Qd1+ 53. Qc1 Qd3+ 54. Qc2 Qf1+ 55. Ka2 Qh1 56. Qf2 Qh5 57. Qg2 Qd1 58. Qb7+ Kd8 59. Qxb5 Qd3 60. Qxa4 Ke7 61. Qa7+ Kf8 62. Qc5+ Kf7 63. Qc7+ Kg6 64. Qe7 Kf5 65. Qh7+ Kf4 66. Qf7+ Ke3 67. Qxe6 Kd2 68. Qh6+ Kc2 69. Qh1 Qg6 70. Qb1+ 1-0

[Event "7th Cesme Open-C 2019"]
[Site "Cesme"]
[Date "2019.06.25"]
[Round "3"]
[White "Ipek, Egehan"]
[Black "Bas, Selin"]
[Result "0-1"]
[ECO "E90"]
[WhiteElo "1394"]
[BlackElo "1286"]
[Annotator "NA"]
[PlyCount "130"]
[EventDate "2019.06.24"]
[EventType "swiss"]
[EventCountry "TUR"]
[SourceTitle "playchess.com"]
[Source "ChessBase"]
[SourceQuality "1"]
[TimeControl "5400+30"]

1. d4 Nf6 2. Nf3 g6 3. c4 Bg7 4. Nc3 O-O 5. e4 d6 6. Bg5 c6 7. Qd2 Re8 8. Rd1 Qc7 9. Bd3 Nbd7 10. Bh6 e5 11. Bxg7 Kxg7 12. d5 cxd5 13. cxd5 Nc5 14. Bb1 a5 15. O-O b6 16. Nh4 Qe7 17. Qe3 Nh5 18. Nf3 Rf8 19. Nd2 Ba6 20. Rfe1 Qf6 21. g3 Rac8 22. a3 a4 23. Bc2 b5 24. Na2 Rb8 25. Nb4 Bb7 26. Nb1 Na6 27. Qd2 Rfc8 28. Bd3 Nc7 29. Nc3 Ba8 30. Qe2 Qg5 31. h4 Qd8 32. Nxb5 Nxb5 33. Bxb5 Qb6 34. Bd7 Rf8 35. Bg4 Nxg3 36. Qe3 Qxe3 37. Rxe3 Nh5 38. Bxh5 gxh5 39. Rc1 Rbc8 40. Rec3 Bb7 41. Rxc8 Rxc8 42. Rxc8 Bxc8 43. Nc6 Kf8 44. Kg2 f5 45. Kf3 Ke8 46. Ke3 fxe4 47. Kxe4 Kd7 48. f4 exf4 49. Kxf4 Kc7 50. Kg5 Bg4 51. Kh6 Bf3 52. Nb4 Kb6 53. Kxh7 Kc5 54. Kg6 Kc4 55. Kf6 Bxd5 56. Nxd5 Kxd5 57. Kg5 Ke4 58. Kxh5 d5 59. Kg5 d4 60. h5 d3 61. h6 d2 62. h7 d1=Q 63. h8=Q Qg1+ 64. Kh6 Qh1+ 65. Kg7 Qxh8+ 0-1

[Event "7th Cesme Open-C 2019"]
[Site "Cesme"]
[Date "2019.06.25"]
[Round "3"]
[White "Teber, Eyup"]
[Black "Gunes, Deren"]
[Result "0-1"]
[ECO "B90"]
[WhiteElo "1333"]
[BlackElo "1257"]
[Annotator "NA"]
[PlyCount "84"]
[EventDate "2019.06.24"]
[EventType "swiss"]
[EventCountry "TUR"]
[SourceTitle "playchess.com"]
[Source "ChessBase"]
[SourceQuality "1"]
[TimeControl "5400+30"]

1. e4 c5 2. Nf3 d6 3. d4 cxd4 4. Nxd4 Nf6 5. Nc3 a6 6. Be3 e5 7. Nb3 Be6 8. f3 Be7 9. Qd2 O-O 10. O-O-O Nbd7 11. Kb1 b5 12. g4 b4 13. Nd5 Bxd5 14. exd5 a5 15. g5 Nh5 16. Bd3 Rb8 17. Rhg1 Qc7 18. Qe2 a4 19. Nd2 Nc5 20. Bc4 Rfc8 21. f4 Nxf4 22. Bxf4 exf4 23. Rdf1 Nd7 24. Qxe7 Re8 25. Qxe8+ Rxe8 26. Re1 Rxe1+ 27. Rxe1 Ne5 28. Bb5 a3 29. Nc4 g6 30. b3 Nxc4 31. Bxc4 Qc5 32. Kc1 f3 33. h4 f2 34. Re8+ Kg7 35. Re4 Qxc4 36. Rxc4 f1=Q+ 37. Kd2 Qg2+ 38. Kd3 Qxd5+ 39. Rd4 Qf3+ 40. Kc4 Qc3+ 41. Kd5 Qc5+ 42. Ke4 Qxc2+ 0-1

[Event "7th Cesme Open-C 2019"]
[Site "Cesme"]
[Date "2019.06.25"]
[Round "3"]
[White "Yigit, Cansu"]
[Black "Karaca, Yigit"]
[Result "1-0"]
[ECO "B45"]
[WhiteElo "1314"]
[BlackElo "1383"]
[Annotator "NA"]
[PlyCount "99"]
[EventDate "2019.06.24"]
[EventType "swiss"]
[EventCountry "TUR"]
[SourceTitle "playchess.com"]
[Source "ChessBase"]
[SourceQuality "1"]
[TimeControl "5400+30"]

1. e4 c5 2. Nf3 e6 3. d4 cxd4 4. Nxd4 Nf6 5. Nc3 Nc6 6. Be2 Bb4 7. Nxc6 bxc6 8. f3 d5 9. exd5 exd5 10. O-O Bd6 11. Bd3 O-O 12. Be3 Qc7 13. f4 Ng4 14. Qf3 Nxe3 15. Qxe3 Qa5 16. Qf3 Qb6+ 17. Kh1 Qxb2 18. Rab1 Qa3 19. Rb3 Qc5 20. Qh5 g6 21. Qh6 f5 22. Ne2 Rf7 23. h4 Bf8 24. Qg5 Qe7 25. Qg3 Bg7 26. Rf3 Qd6 27. Re3 c5 28. c4 d4 29. Re8+ Rf8 30. Rxf8+ Kxf8 31. Qf3 Rb8 32. Rxb8 Qxb8 33. Qd5 Qc7 34. Kg1 Bb7 35. Qe6 Bc8 36. Qd5 Bb7 37. Qe6 Qe7 38. Qxe7+ Kxe7 39. Nc1 Kd6 40. a4 Bf6 41. g3 Bc6 42. Bc2 h6 43. Kf2 Be4 44. Nd3 g5 45. h5 gxf4 46. gxf4 Bc6 47. Kg3 Be8 48. Bd1 Bf7 49. Nb2 Bd8 50. Bc2 1-0

[Event "7th Cesme Open-C 2019"]
[Site "Cesme"]
[Date "2019.06.26"]
[Round "4"]
[White "Yigit, Cansu"]
[Black "Kaya, Nehar Baris"]
[Result "0-1"]
[ECO "B84"]
[WhiteElo "1314"]
[BlackElo "1409"]
[Annotator "NA RC"]
[PlyCount "75"]
[EventDate "2019.06.24"]
[EventType "swiss"]
[EventCountry "TUR"]
[SourceTitle "playchess.com"]
[Source "ChessBase"]
[SourceQuality "1"]
[TimeControl "5400+30"]

1. e4 c5 2. Nf3 e6 3. d4 cxd4 4. Nxd4 Nf6 5. Nc3 d6 6. Be2 a6 7. Be3 b5 8. a3 Bb7 9. Qd3 Nbd7 10. f3 d5 11. exd5 Nxd5 12. Nxd5 Bxd5 13. O-O Rc8 14. Nb3 Be7 15. f4 O-O 16. Rad1 Qc7 17. Rd2 Nb6 18. Bxb6 Qxb6+ 19. Kh1 Rfd8 20. Qg3 Bf6 21. f5 exf5 22. Rxf5 Be4 23. Rxd8+ Qxd8 24. Rc5 Bxc2 25. Rxc8 Qxc8 26. Bg4 Qd8 27. Nc5 g6 28. Nxa6 Qd2 29. h4 Qc1+ 30. Kh2 Qxb2 31. Kh3 Be5 32. Qe3 h5 33. Bd7 Qa1 34. Qxe5 Qxe5 35. g4 Qe3+ 36. Kg2 Be4+ 37. Kf1 Qd3+ 38. Ke1 0-1

[Event "7th Cesme Open-C 2019"]
[Site "Cesme"]
[Date "2019.06.26"]
[Round "4"]
[White "Bas, Selin"]
[Black "Tarim, Metehan"]
[Result "0-1"]
[ECO "D02"]
[WhiteElo "1286"]
[BlackElo "1338"]
[Annotator "NA RC"]
[PlyCount "110"]
[EventDate "2019.06.24"]
[EventType "swiss"]
[EventCountry "TUR"]
[SourceTitle "playchess.com"]
[Source "ChessBase"]
[SourceQuality "1"]
[TimeControl "5400+30"]

1. d4 d5 2. Bf4 Nf6 3. e3 e6 4. Nf3 Bd6 5. Bg3 O-O 6. Nbd2 b6 7. Bd3 Bb7 8. Ne5 c5 9. c3 Qc7 10. f4 c4 11. Bc2 b5 12. Qf3 b4 13. Rc1 Qb6 14. Qd1 Nbd7 15. O-O bxc3 16. bxc3 Qa5 17. Bb1 Nb6 18. Ndf3 Ne4 19. Bxe4 dxe4 20. Nd2 Bd5 21. Qc2 f5 22. Rb1 Rfc8 23. Rbd1 Na4 24. Nb1 Rab8 25. Rd2 Nb2 26. Rff2 Nd3 27. Nxd3 cxd3 28. Qd1 Bc4 29. Qc1 Bb5 30. a3 Rc4 31. Rb2 Rbc8 32. Rb3 Ba4 33. Rb7 Bc2 34. Rf1 Bxb1 35. Qxb1 Rxc3 36. Be1 Qxa3 37. Bxc3 Qxc3 38. Rd1 d2 39. Rb3 Qc1 40. Kf2 a5 41. Ke2 Bb4 42. Rb2 Qc4+ 43. Kf2 Qc7 44. Rxb4 axb4 45. Qxb4 g5 46. g3 g4 47. Rxd2 Qc1 48. Kg2 Qe1 49. Rb2 Qxe3 50. Qb3 Qxb3 51. Rxb3 Rc2+ 52. Kg1 Rd2 53. Rb4 e3 54. Rb3 Rd1+ 55. Kg2 e2 0-1

[Event "7th Cesme Open-C 2019"]
[Site "Cesme"]
[Date "2019.06.26"]
[Round "4"]
[White "Gunes, Deren"]
[Black "Celik, Ege Mustafa"]
[Result "1-0"]
[ECO "C78"]
[WhiteElo "1257"]
[BlackElo "1248"]
[Annotator "NA RC"]
[PlyCount "87"]
[EventDate "2019.06.24"]
[EventType "swiss"]
[EventCountry "TUR"]
[SourceTitle "playchess.com"]
[Source "ChessBase"]
[SourceQuality "1"]
[TimeControl "5400+30"]

1. e4 e5 2. Nf3 Nc6 3. Bb5 a6 4. Ba4 b5 5. Bb3 Bc5 6. O-O Nf6 7. c3 Bb6 8. Re1 O-O 9. d4 Qe7 10. Bg5 Bb7 11. Bd5 d6 12. Nh4 exd4 13. cxd4 Bxd4 14. Nf5 Qe5 15. Nxd4 Qxd4 16. Qxd4 Nxd4 17. Bxb7 Ra7 18. Bxf6 gxf6 19. Bd5 Nc2 20. Nc3 Nxa1 21. Rxa1 b4 22. Ne2 f5 23. Nd4 a5 24. Nxf5 Ra6 25. Rc1 c5 26. Rd1 Rb6 27. Rd3 Kh8 28. Rh3 f6 29. Rg3 Ra6 30. Rg7 a4 31. Rd7 b3 32. a3 c4 33. Bxc4 Rc6 34. Nxd6 Rfc8 35. Nxc8 Rxc4 36. Rd8+ Kg7 37. h3 Rc2 38. Nb6 Rxb2 39. Nxa4 Ra2 40. Rb8 Rxa3 41. Nb2 Kg6 42. Kf1 Ra1+ 43. Ke2 Rg1 44. g3 1-0

[Event "7th Cesme Open-C 2019"]
[Site "Cesme"]
[Date "2019.06.26"]
[Round "4"]
[White "Surucu, Efe Mustafa"]
[Black "Tekin, Utku Berk"]
[Result "1/2-1/2"]
[ECO "D11"]
[WhiteElo "1198"]
[BlackElo "1303"]
[Annotator "NA RC"]
[PlyCount "32"]
[EventDate "2019.06.24"]
[EventType "swiss"]
[EventCountry "TUR"]
[SourceTitle "playchess.com"]
[Source "ChessBase"]
[SourceQuality "1"]
[TimeControl "5400+30"]

1. d4 d5 2. Nf3 Nf6 3. g3 Bf5 4. Bg2 e6 5. O-O Nbd7 6. c4 c6 7. Nc3 Be7 8. Nd2 Qb6 9. e4 Bg4 10. Qb3 Nxe4 11. Ndxe4 dxe4 12. Bxe4 Nf6 13. Bg2 Rd8 14. Be3 Qxb3 15. axb3 a6 16. d5 Ne4 1/2-1/2

[Event "7th Cesme Open-C 2019"]
[Site "Cesme"]
[Date "2019.06.26"]
[Round "5"]
[White "Kaya, Nehar Baris"]
[Black "Basdar, Atakan"]
[Result "0-1"]
[ECO "A48"]
[WhiteElo "1409"]
[BlackElo "1242"]
[Annotator "NA"]
[PlyCount "126"]
[EventDate "2019.06.24"]
[EventType "swiss"]
[EventCountry "TUR"]
[SourceTitle "playchess.com"]
[Source "ChessBase"]
[SourceQuality "1"]
[TimeControl "5400+30"]

1. d4 Nf6 2. Bf4 g6 3. Nf3 Bg7 4. e3 O-O 5. Bd3 d6 6. c3 h6 7. Nbd2 Nh5 8. Bg3 Nxg3 9. hxg3 e5 10. O-O Nc6 11. Nb3 Re8 12. e4 Bg4 13. d5 Ne7 14. Be2 f5 15. Nfd2 Bxe2 16. Qxe2 Rf8 17. f3 f4 18. gxf4 exf4 19. Nd4 Bxd4+ 20. cxd4 g5 21. Kf2 c6 22. dxc6 Nxc6 23. Qc4+ Kg7 24. b4 Qb6 25. Rac1 Rac8 26. Nb3 Qxb4 27. Qc3 Qxc3 28. Rxc3 Nb4 29. Rfc1 Rxc3 30. Rxc3 Nxa2 31. Rc4 b5 32. Rc6 Rf6 33. Rc7+ Rf7 34. Rc6 Rd7 35. d5 Nb4 36. Rc3 Kf6 37. Nd4 Rb7 38. Rc8 a5 39. Nf5 a4 40. Rh8 Rb6 41. Rxh6+ Kf7 42. Rh7+ Kg8 43. Ra7 Ra6 44. Rb7 a3 45. Nd4 a2 46. Nb3 Ra3 47. Na1 Rc3 48. Rxb5 Nc2 49. Rb2 Nxa1 50. Rxa2 Rc2+ 51. Rxc2 Nxc2 52. Ke2 Kf7 53. Kd2 Nb4 54. Kc3 Na6 55. Kd3 Nc5+ 56. Kd4 Kf6 57. e5+ Ke7 58. exd6+ Kxd6 59. Kc4 Nd7 60. Kd3 Kxd5 61. Ke2 Kd4 62. Kf2 Kd3 63. g3 Kd2 0-1

[Event "7th Cesme Open-C 2019"]
[Site "Cesme"]
[Date "2019.06.26"]
[Round "5"]
[White "Tarim, Metehan"]
[Black "Ceylan, Goktug"]
[Result "0-1"]
[ECO "B78"]
[WhiteElo "1338"]
[BlackElo "1283"]
[Annotator "NA"]
[PlyCount "94"]
[EventDate "2019.06.24"]
[EventType "swiss"]
[EventCountry "TUR"]
[SourceTitle "playchess.com"]
[Source "ChessBase"]
[SourceQuality "1"]
[TimeControl "5400+30"]

1. e4 c5 2. Nf3 d6 3. d4 cxd4 4. Nxd4 Nf6 5. Nc3 g6 6. Be3 Bg7 7. f3 O-O 8. Bc4 Nc6 9. Qd2 Bd7 10. O-O-O Rc8 11. Bb3 Nxd4 12. Bxd4 b5 13. g4 a5 14. a3 a4 15. Ba2 Qa5 16. g5 Nh5 17. Bxg7 Kxg7 18. Nd5 Qxd2+ 19. Rxd2 Rfe8 20. Nb6 Rc7 21. Nxd7 Rxd7 22. e5 Nf4 23. exd6 Rxd6 24. Rxd6 exd6 25. Rd1 Nh3 26. Rxd6 Nxg5 27. Rd7 Re1+ 28. Kd2 Nxf3+ 29. Kc3 Nxh2 30. Rxf7+ Kh6 31. Rb7 Re5 32. Bg8 Rc5+ 33. Kd3 Nf3 34. Rxh7+ Kg5 35. c3 Kf4 36. Rf7+ Kg3 37. Re7 g5 38. Re4 Re5 39. b4 Ne1+ 40. Kd4 Rxe4+ 41. Kxe4 Nc2 42. Kf5 g4 43. c4 bxc4 44. b5 Nd4+ 45. Ke4 c3 46. Kd3 Nxb5 47. Be6 Kf4 0-1

[Event "7th Cesme Open-C 2019"]
[Site "Cesme"]
[Date "2019.06.26"]
[Round "5"]
[White "Gorcuk, Ozgu"]
[Black "Kalinoglu, Yagiz"]
[Result "1/2-1/2"]
[ECO "D06"]
[WhiteElo "1337"]
[BlackElo "1222"]
[Annotator "NA"]
[PlyCount "69"]
[EventDate "2019.06.24"]
[EventType "swiss"]
[EventCountry "TUR"]
[SourceTitle "playchess.com"]
[Source "ChessBase"]
[SourceQuality "1"]
[TimeControl "5400+30"]

1. d4 d5 2. c4 c6 3. Nc3 Nf6 4. Nf3 Bf5 5. Bg5 e6 6. e3 Be7 7. Qb3 Qb6 8. c5 Qxb3 9. axb3 Nbd7 10. b4 O-O 11. b5 h6 12. Bh4 Rfe8 13. Be2 Bf8 14. Bxf6 Nxf6 15. bxc6 bxc6 16. Ne5 Rec8 17. Ba6 Rc7 18. b4 Nd7 19. Nxd7 Rxd7 20. b5 cxb5 21. Bxb5 Rdd8 22. Bc6 Rab8 23. Rxa7 Rb3 24. Nd1 e5 25. O-O exd4 26. exd4 Bd3 27. Re1 Rb1 28. Rb7 Ra1 29. Rb2 Rc8 30. Bd7 Rc7 31. c6 Ba3 32. Rb7 Bd6 33. Rb2 Ba3 34. Rb8+ Kh7 35. Rb7 1/2-1/2

[Event "7th Cesme Open-C 2019"]
[Site "Cesme"]
[Date "2019.06.26"]
[Round "5"]
[White "Onel, Nazire Yagmur"]
[Black "Gunes, Deren"]
[Result "1-0"]
[ECO "B26"]
[WhiteElo "1232"]
[BlackElo "1257"]
[Annotator "NA"]
[PlyCount "124"]
[EventDate "2019.06.24"]
[EventType "swiss"]
[EventCountry "TUR"]
[SourceTitle "playchess.com"]
[Source "ChessBase"]
[SourceQuality "1"]
[TimeControl "5400+30"]

1. e4 c5 2. Nc3 Nc6 3. g3 g6 4. Bg2 Bg7 5. Nge2 d6 6. d3 Rb8 7. Be3 b5 8. Qd2 b4 9. Nd1 e6 10. O-O Nd4 11. h3 Ne7 12. g4 O-O 13. Ng3 Bb7 14. f4 f5 15. Qc1 a5 16. Bd2 Ba8 17. Ne3 Qb6 18. Re1 a4 19. Nc4 Qc7 20. Ne3 a3 21. Rb1 axb2 22. Rxb2 Nb5 23. Rb3 fxg4 24. Nxg4 Nc6 25. Ne2 Na5 26. Rb1 Na3 27. Ra1 Bxa1 28. Qxa1 Qg7 29. Qxg7+ Kxg7 30. Rc1 h5 31. Nh2 d5 32. e5 d4 33. Nf3 Bd5 34. Ne1 Bxa2 35. Ra1 Bd5 36. Bxd5 exd5 37. Bc1 Nc6 38. Bxa3 bxa3 39. Rxa3 Ra8 40. Rxa8 Rxa8 41. c3 Ra2 42. Kf1 Ra3 43. cxd4 Nxd4 44. Nxd4 cxd4 45. Kf2 Ra2+ 46. Kf3 Rh2 47. Kg3 Re2 48. Nf3 Re3 49. Kf2 Rxd3 50. h4 Ra3 51. Nxd4 Ra4 52. Ne6+ Kf7 53. Ng5+ Ke7 54. Kf3 Ra3+ 55. Ke2 d4 56. Nf3 d3+ 57. Kd2 Ra4 58. Kxd3 Rxf4 59. Ke3 Rg4 60. Ke2 Ke6 61. Kf2 Kf5 62. Ke3 Re4+ 1-0

[Event "7th Cesme Open-C 2019"]
[Site "Cesme"]
[Date "2019.06.27"]
[Round "6"]
[White "Yucel, Sevdayil Mert"]
[Black "Tekin, Utku Berk"]
[Result "0-1"]
[ECO "E43"]
[WhiteElo "1324"]
[BlackElo "1303"]
[Annotator "NA RC"]
[PlyCount "90"]
[EventDate "2019.06.24"]
[EventType "swiss"]
[EventCountry "TUR"]
[SourceTitle "playchess.com"]
[Source "ChessBase"]
[SourceQuality "1"]
[TimeControl "5400+30"]

1. d4 Nf6 2. c4 e6 3. Nc3 Bb4 4. e3 b6 5. Bd3 Bb7 6. f3 Bxc3+ 7. bxc3 O-O 8. Ne2 d5 9. O-O Nbd7 10. Ng3 Re8 11. e4 dxc4 12. Bxc4 Qc8 13. Qe2 c5 14. Be3 Qc7 15. Rac1 Rac8 16. Rfd1 Nf8 17. Bg5 N6d7 18. a4 Ng6 19. Qa2 Nf4 20. d5 exd5 21. exd5 Qe5 22. Ne4 f6 23. Bh4 g5 24. Bg3 Kg7 25. Re1 Qb8 26. h4 h6 27. hxg5 hxg5 28. Kf2 Ne5 29. Bxf4 gxf4 30. Bb5 c4 31. Rcd1 Red8 32. Rh1 a6 33. Qa3 Qc7 34. d6 Qf7 35. d7 Rc7 36. Qd6 Rcxd7 37. Bxd7 Rxd7 38. Qxf6+ Qxf6 39. Rh7+ Kg6 40. Rdxd7 Bxe4 41. Ra7 Nd3+ 42. Ke2 Bd5 43. Rh1 Qe5+ 44. Kd2 Qe3+ 45. Kc2 Qe2+ 0-1